 Dungeon Crawl Stone Soup version 0.29-a0-330-g52719c12eb (webtiles) character file.

Game seed: 13363760252533084327

135 kae the Firebug (level 4, -4/33 HPs)
             Began as a Demigod Fire Elementalist on May 21, 2022.
             Slain by an orc priest
             ... wielding a +0 flail
              (10 damage)
             ... on level 3 of the Dungeon.
             The game lasted 00:02:16 (3173 turns).

kae the Firebug (Demigod Fire Elementalist)         Turns: 3173, Time: 00:02:16

Health: -4/33      AC:  4    Str:  9    XL:     4   Next: 65%
Magic:  10/19      EV: 11    Int: 21    God:
Gold:   87         SH:  0    Dex: 14    Spells: 1/7 levels left

rFire   . . .      SeeInvis .   j - +0 rapier
rCold   . . .      Faith    .   (no shield)
rNeg    . . .      Spirit   .   m - +0 leather armour of the Raven {Regen+}
rPois   .          Reflect  .   (no helmet)
rElec   .          Harm     .   (no cloak)
rCorr   .          Rampage  .   (no gloves)
Will    .....                   k - +0 pair of boots
Stlth   ++........              (no amulet)
HPRegen 0.91/turn               p - ring of magical power
MPRegen 0.16/turn               (no ring)

@: no status effects
A: high MP 1, forlorn, divine attributes
a: no special abilities


You were on level 3 of the Dungeon.
You visited 1 branch of the dungeon, and saw 3 of its levels.

You collected 87 gold pieces.

Inventory:

Hand Weapons
 j - a +0 rapier (weapon)
Armour
 a - a +0 robe
 k - a +0 pair of boots (worn)
 m - the +0 leather armour of the Raven (worn) {Regen+}
   (You found it on level 2 of the Dungeon)

   Regen:     It increases your rate of health regeneration.
Jewellery
 p - a ring of magical power (left hand)
Scrolls
 d - a scroll of fog
 f - a scroll of teleportation
Potions
 b - 2 potions of magic
 c - a potion of resistance
 e - a potion of degeneration
 g - a potion of lignification
 h - a potion of curing {unknown}
 i - 3 potions of might
 l - a potion of mutation {unknown}
 n - a potion of flight {unknown}


   Skills:
 - Level 1.7 Dodging
 - Level 1.7 Stealth
 + Level 2.4 Spellcasting
 * Level 2.8 Conjurations
 * Level 3.8 Fire Magic


You had one spell level left.
You knew the following spells:

 Your Spells              Type           Power      Damage    Failure   Level
a - Foxfire               Conj/Fire      64%        2x1d7     4%          1
b - Scorch                Fire           36%        2d7       6%          2
c - Conjure Flame         Conj/Fire      16%        6-21      16%         3

Your spell library contained the following spells:

 Spells                   Type           Power      Damage    Failure   Level
 Slow                     Hex            8%         N/A       21%         1
 Inner Flame              Hex/Fire       10%        N/A       26%         3
 Flame Wave               Conj/Fire      16%        2d6       45%         4
 Confusing Touch          Hex            2%         N/A       52%         3
 Vampiric Draining        Necr           2%         2d6       52%         3


Dungeon Overview and Level Annotations

Branches:
Dungeon (3/15)


Innate Abilities, Weirdness & Mutations

You have an increased reservoir of magic. (+10% MP)
You shall have no god before yourself.
Your divine heritage dramatically boosts your attributes as you level up.


Message History

The orc priest is no longer more vulnerable to fire.
The foxfire hits the orc but does no damage.
The orc priest mumbles some strange prayers to Beogh against you.
Beogh smites you! The orc hits you but does no damage.
The orc barely misses you.
You barely miss the orc.
The orc priest hits you with a +0 flail.
The orc hits you but does no damage. x3; The orc barely misses you.
The orc priest hits you but does no damage.
You hit the orc but do no damage.
The orc priest hits you but does no damage.
The orc completely misses you. The orc hits you but does no damage.
You hit the orc.
The orc is lightly wounded.
The orc priest calls upon Beogh to heal the orc.
The orc's wounds heal themselves!
The orc hits you but does no damage. x2
You hit the orc but do no damage.
The orc priest hits you but does no damage.
The orc hits you but does no damage. x2
Casting: Foxfire (safe; 3% risk of failure)
Confirm with . or Enter, or press ? or * to list all spells.
Flames lash the orc.
The orc is heavily wounded.
The orc's fire resistance burns away.
You feel less wooden.
Your +0 pair of boots unmelds from your body.
The +0 leather armour of the Raven {Regen+} unmelds from your body.
The orc priest looks satisfied for a moment.
The orc barely misses you. x2
The orc priest hits you with a +0 flail.
The orc hits you with a +0 short sword. The orc hits you but does no damage.
Casting: Scorch (safe; 6% risk of failure)
Confirm with . or Enter, or press ? or * to list all spells.
Flames lash the orc.
The orc is burned terribly!
You kill the orc!
The orc priest hits you with a +0 flail!
* * * LOW HITPOINT WARNING * * *
The orc closely misses you.
The orc priest hits you with a +0 flail!
You die...

########## #.# #.#
#......... .. #.#
#.######## #.# #.#
#.#### .. #.# #.<..#
#.# #.# ####.# # #..
#.# ######'###<#
####.##.###........#.#
#...)@o...'..........#
#+###o#.###........###
...#.# ###.......#
.......# #######.#
....[....# #######.##
.........# #........#
.........# #........#
.......#.# #........#
#........+


You could see an orc priest and an orc.

Vanquished Creatures
  A scorpion (D:2)
  2 adders (D:2)
  2 worms (D:2)
  A dart slug (D:1)
  3 orcs (D:3)
  3 ball pythons
  11 endoplasms
  3 giant cockroaches
  A goblin (D:2)
  5 hobgoblins (D:1)
  6 bats
  4 frilled lizards
  2 kobolds (D:1)
  5 rats
49 creatures vanquished.

Vanquished Creatures (others)
  160 foxfires
160 creatures vanquished.

Grand Total: 209 creatures vanquished

Notes
Turn   | Place    | Note
-------+----------+-------------------------------------------
     0 | D:1      | kae the Demigod Fire Elementalist began the quest for the
                  | Orb.
     0 | D:1      | Reached XP level 1. HP: 14/14 MP: 5/5
    20 | D:1      | Reached skill level 1 in Conjurations
   620 | D:1      | Reached skill level 3 in Fire Magic
   620 | D:1      | Reached XP level 2. HP: 15/20 MP: 4/7
  1618 | D:2      | Learned a level 2 spell: Scorch
  1638 | D:2      | Reached XP level 3. HP: 26/26 MP: 5/8
  1642 | D:2      | Learned a level 3 spell: Conjure Flame
  1828 | D:2      | Noticed a scorpion
  1834 | D:2      | Killed a scorpion
  1835 | D:2      | Reached XP level 4. HP: 19/33 MP: 2/10
  2850 | D:2      | Identified the +0 leather armour of the Raven {Regen+}
  3173 | D:3      | Slain by an orc priest

Illustrated notes

Levels and vault maps discovered:
D:1:      tarquinn_simple_flora_water_c, layout_loops_cross,
          hellmonk_ecumenical_altar_heavens_door
D:2:      layout_basic, minmay_puff
D:3:      layout_basic, portal_sewer_entry_d, serial_bayou_crossing

Skill      XL: |  1  2  3 |
---------------+----------+-----
Conjurations   | 1 2 |  2.8
Fire Magic     | 3 |  3.8
Spellcasting   | 2 |  2.4
Dodging        | |  1.7
Stealth        | |  1.7

Action                   |  1- 3 |  4- 6 || total
-------------------------+-------+-------++-------
Melee: Unarmed           |     3 |       ||     3
       Rapier            |       |     7 ||     7
 Cast: Foxfire           |    64 |    41 ||   105
       Scorch            |     3 |     7 ||    10
  Use: Scroll            |     5 |     6 ||    11
       Potion            |       |     1 ||     1
Armor: Robe              |     5 |       ||     5
       Skin              |       |    34 ||    34
       Leather armour    |       |     1 ||     1
Dodge: Dodged            |    24 |    20 ||    44

Table legend: (Time is in decaauts)
 A = Elapsed time spent in this place.
 B = Non-inter-level travel time spent in this place.
 C = Inter-level travel time spent in this place.
 D = Time resting spent in this place.
 E = Time spent auto-exploring this place.
 F = Levels seen in this place.
 G = Mean time per level.
                   A        B        C        D        E       F      G
               +--------+--------+--------+--------+--------+-----+--------+
         Total |   3178 |   3115 |     63 |      0 |   2558 |   3 | 1059.3 |
       Dungeon |   3178 |   3115 |     63 |      0 |   2558 |   3 | 1059.3 |
               +--------+--------+--------+--------+--------+-----+--------+

Top non-repeatable levels by time:
     D:1: 1578 daAuts
     D:2: 1457 daAuts
     D:3: 143 daAuts
